 Dungeon Crawl Stone Soup version 0.30-a0-728-gc68057be0a (webtiles) character file.

Game seed: 11956889973614099388

268 kiwi3s the Cleaver (level 6, -5/76 HPs)
             Began as a Minotaur Berserker on Jan 31, 2023.
             Was a Believer of Trog.
             Slain by a lemure (8 damage)
             ... led by Pikel
             ... on level 4 of the Dungeon.
             The game lasted 00:01:44 (2874 turns).

kiwi3s the Cleaver (Minotaur Berserker)             Turns: 2874, Time: 00:01:44

Health: -5/76      AC:  7    Str: 24    XL:     6   Next: 1%
Magic:  5/5        EV: 11    Int:  4    God:    Trog [**....]
Gold:   302        SH:  0    Dex:  9    Spells: 5/5 levels left

rFire   . . .      SeeInvis .    a - +0 hand axe
rCold   . . .      Faith    .    (no shield)
rNeg    . . .      Spirit   .    c - +0 ring mail
rPois   .          Reflect  .    (helmet restricted)
rElec   .          Harm     .    h - +0 cloak
rCorr   .          Rampage  .    (no gloves)
Will    .....                    o - +0 pair of boots Stlth
                                 (no amulet)
HPRegen 0.32/turn                (no ring)
MPRegen 0.09/turn                (no ring)

@: berserking, very quick
A: horns 2, retaliatory headbutt
a: Renounce Religion, Berserk, Trog's Hand


You were on level 4 of the Dungeon.
You worshipped Trog.
Trog was pleased with you.
You visited 1 branch of the dungeon, and saw 4 of its levels.

You collected 302 gold pieces.

Inventory:

Hand Weapons
 a - a +0 hand axe (weapon)
Armour
 b - a +0 animal skin
 c - a +0 ring mail (worn)
 h - a +0 cloak (worn)
 o - a +0 pair of boots (worn)
Jewellery
 e - an amulet of guardian spirit
 t - an amulet of reflection
Wands
 k - a wand of mindburst (13)
 m - a wand of flame (12)
Scrolls
 f - 2 scrolls of fear {unknown}
 j - 3 scrolls of identify {unknown}
 l - a scroll of fog {unknown}
 r - a scroll of summoning {unknown}
 s - a scroll of vulnerability {unknown}
 v - 2 scrolls of teleportation {unknown}
Potions
 d - a potion of brilliance {unknown}
 g - 2 potions of attraction {unknown}
 i - 2 potions of flight {unknown}
 n - a potion of resistance {unknown}
 p - a potion of degeneration {unknown}
 q - a potion of magic {unknown}
 u - a potion of curing {unknown}
 w - a potion of invisibility {unknown}


   Skills:
 - Level 3.6 Fighting
 + Level 8.2 Axes
 - Level 2.4 Armour
 - Level 2.1 Dodging


You had 5 spell levels left.
You didn't know any spells.
Your spell library was empty.

Dungeon Overview and Level Annotations

Branches:
Dungeon (4/15)
 Temple: D:4-7

Altars:
Hepliaklqana
Uskayaw

Annotations:
D:4 Pikel


Innate Abilities, Weirdness & Mutations

You have a pair of horns on your head.
You reflexively headbutt those who attack you in melee.


Message History

The lemure is lightly wounded.
You hit the lemure. You barely miss Pikel. You closely miss the lemure.
The lemure hits you. The lemure hits you but does no damage.
The lemure hits you. Pikel barely misses you.
You miss the lemure. Your headbutt misses the lemure.
The lemure is lightly wounded.
You closely miss the lemure. You closely miss Pikel.
You closely miss the lemure. The lemure hits you. The lemure hits you!
Pikel hits you with a +1 whip of freezing.
* * * LOW HITPOINT WARNING * * *
Pikel freezes you.
* * * LOW HITPOINT WARNING * * *
The lemure hits you but does no damage.
Unknown command.
You hit Pikel but do no damage. You headbutt Pikel!
Pikel is moderately wounded.
You hit the lemure. x2; You barely miss the lemure.
The lemure hits you but does no damage. x2; The lemure hits you.
* * * LOW HITPOINT WARNING * * *
Pikel barely misses you.
A red film seems to cover your vision as you go berserk!
You feel yourself moving faster!
You feel mighty! The lemure barely misses you. x2
The lemure hits you but does no damage.
Pikel says, "Don't tell anyone, but I think Ereshkigal likes me."
Pikel misses you.
You slash Pikel! Your headbutt misses Pikel.
Pikel is heavily wounded.
You hit the lemure. You barely miss the lemure. You closely miss the lemure.
You are too injured to fight recklessly!
You slash Pikel!
Pikel is almost dead.
You slash the lemure! You barely miss the lemure. You miss the lemure.
Pikel hits you with a +1 whip of freezing.
* * * LOW HITPOINT WARNING * * *
Pikel freezes you.
* * * LOW HITPOINT WARNING * * *
The lemure hits you but does no damage. The lemure hits you.
* * * LOW HITPOINT WARNING * * *
The lemure hits you!
You die...

#. .# ##.##.. .
.....# ... #....#
...##....# .......5.
######..K5##
#.......5@5#
#..........#
#..........# .####
#..........#
...####........<.#
###.##............##
#......#...........#
..######...........#
...# #...........#


You could see Pikel and 4 lemures.

Vanquished Creatures
  An ogre (D:4)
  A scorpion (D:4)
  Jessica (D:3)
  3 adders
  A dart slug (D:2)
  5 orcs (D:4)
  5 ball pythons
  8 endoplasms
  6 giant cockroaches
  5 hobgoblins
  5 quokkas
  4 bats
  A frilled lizard (D:1)
  5 goblins
  7 kobolds
  5 rats
63 creatures vanquished.

Notes
Turn   | Place    | Note
-------+----------+-------------------------------------------
     0 | D:1      | kiwi3s the Minotaur Berserker began the quest for the Orb.
     0 | D:1      | Reached XP level 1. HP: 19/19 MP: 0/0
    28 | D:1      | Reached skill level 4 in Axes
   147 | D:1      | Reached XP level 2. HP: 26/26 MP: 1/1
   882 | D:1      | Reached skill level 5 in Axes
   974 | D:2      | Reached XP level 3. HP: 31/31 MP: 2/2
  1010 | D:2      | Reached ** piety under Trog
  1050 | D:2      | Found a faded altar of an unknown god.
  1891 | D:3      | Found a hide-covered altar of Uskayaw.
  1892 | D:3      | Noticed Jessica
  1910 | D:3      | Killed Jessica
  1911 | D:3      | Reached skill level 6 in Axes
  1911 | D:3      | Reached XP level 4. HP: 39/39 MP: 3/3
  1946 | D:3      | Found a hazy altar of Hepliaklqana.
  2569 | D:4      | Noticed a scorpion
  2578 | D:4      | Killed a scorpion
  2579 | D:4      | Reached skill level 7 in Axes
  2579 | D:4      | Reached XP level 5. HP: 34/45 MP: 4/4
  2646 | D:4      | Noticed an ogre
  2655 | D:4      | Killed an ogre
  2656 | D:4      | Reached skill level 8 in Axes
  2781 | D:4      | Reached XP level 6. HP: 51/51 MP: 5/5
  2862 | D:4      | Noticed Pikel
  2874 | D:4      | HP: 3/76 [lemure[Pikel] (2)]
  2874 | D:4      | Slain by a lemure

Illustrated notes

Levels and vault maps discovered:
D:1:      grunt_arrival_crossed_arrows, layout_basic
D:2:      layout_basic, shapermc_ecumenical_altar_gd
D:3:      layout_basic, amcnicky_altar_gilded, old_standard_altar,
          chequers_hall_statues_wall_a, uniq_jessica
D:4:      layout_basic, grunt_decor_one_mirror, uniq_pikel

Skill      XL: |  1  2  3  4  5 |
---------------+----------------+-----
Axes           | 4 5 6 7 8 |  8.2
Fighting       | |  3.6
Armour         | |  2.4
Dodging        | |  2.1

Action                     |  1- 3 |  4- 6 || total
---------------------------+-------+-------++-------
  Melee: Hand axe          |    85 |    52 ||   137
         Headbutt          |     8 |    18 ||    26
 Invoke: Berserk           |       |     1 ||     1
 Armour: Animal skin       |     2 |       ||     2
         Ring mail         |    16 |    24 ||    40
  Dodge: Dodged            |    54 |    33 ||    87

Table legend: (Time is in decaauts)
 A = Elapsed time spent in this place.
 B = Non-inter-level travel time spent in this place.
 C = Inter-level travel time spent in this place.
 D = Time resting spent in this place.
 E = Time spent auto-exploring this place.
 F = Levels seen in this place.
 G = Mean time per level.
                   A        B        C        D        E       F      G
               +--------+--------+--------+--------+--------+-----+--------+
         Total |   2874 |   2776 |     98 |    247 |   2153 |   4 |  718.5 |
       Dungeon |   2874 |   2776 |     98 |    247 |   2153 |   4 |  718.5 |
               +--------+--------+--------+--------+--------+-----+--------+

Top non-repeatable levels by time:
     D:1: 970 daAuts
     D:3: 743 daAuts
     D:2: 668 daAuts
     D:4: 491 daAuts
